 Dungeon Crawl Stone Soup version 0.14-a0-1330-g3eed206 (webtiles) character file.

30302 PolkaDot the Harbinger of Death (level 13, 0/93 HPs)
             Began as a Vampire Death Knight on Dec 6, 2013.
             Was a High Priest of Yredelemnul.
             Succumbed to a spiny worm's poison
             ... on Level 8 of the Lair of Beasts.
             The game lasted 01:37:45 (17083 turns).

PolkaDot the Harbinger of Death (VpDK)             Turns: 17083, Time: 01:37:46

HP   0/93        AC 16     Str 18      XL: 13   Next: 12%
MP   4/29        EV 26     Int 16      God: Yredelemnul [*****.]
Gold 1430        SH  0     Dex 22      Spells:  4 memorised,  1 level left

rFire  + . .     SeeInvis +     a - +4,+2 sabre (flame)
rCold  . . .     Clarity  .     c - +1 leather armour {rF+}
rNeg   + . .     Conserve .     (no shield)
rPois  .         rCorr    .     k - +1 helmet {Int+3}
rElec  .         rRot     .     (no cloak)
SustAb . .       Spirit   +     (no gloves)
rMut   .         Warding  .     t - +1 pair of boots
Saprov . . .     Stasis   .     E - amulet of guardian spirit
                                B - +5 ring of protection
                                y - cursed +6 ring of strength

@: agile, mildly poisoned, somewhat resistant to hostile enchantments, stealthy
A: bottle blood, fangs 3, hooves 1, yellow scales 1, see invisible, berserk 1,
screaming 1, unbreathing
a: Bat Form, Bottle Blood, Animate Dead, Recall Undead Slaves, Injury Mirror,
Drain Life, Enslave Soul, Renounce Religion


You were on level 8 of the Lair of Beasts.
You worshipped Yredelemnul.
Yredelemnul was extremely pleased with you.
You were not thirsty.

You visited 2 branches of the dungeon, and saw 21 of its levels.
You also visited: Volcano.

You collected 1563 gold pieces.
You spent 133 gold pieces at shops.

Inventory:

Hand weapons
 a - a +4,+2 sabre of flaming (weapon)
 b - the cursed +7 blowgun "Azah" {speed, rPois MR+}
   (You found it on level 2 of the Lair of Beasts)

   Attacks with this weapon take half as long, but cause slightly less damage.
   It protects you from poison.
   It affects your resistance to hostile enchantments.
   It has a curse placed upon it.
Missiles
 Q - 29 poisoned needles
Armour
 c - a +1 leather armour of fire resistance (worn)
 k - a +1 helmet of intelligence (worn)
 t - a +1 pair of boots (worn)
Magical devices
 f - a wand of fire (10)
 N - a wand of hasting (6)
Scrolls
 i - a scroll of teleportation
 j - a scroll of random uselessness {unknown}
 p - 3 scrolls of amnesia
Jewellery
 h - an uncursed ring of wizardry
 y - a cursed +6 ring of strength (left hand)
 B - a +5 ring of protection (right hand)
 E - an amulet of guardian spirit (around neck)
Potions
 e - a potion of berserk rage
 g - a potion of strong poison {unknown}
 D - a potion of might
 F - 3 potions of restore abilities
 M - 2 potions of flight
 Y - a potion of speed
 Z - a potion of agility


   Skills:
 - Level 5.7 Fighting
 - Level 10.8 Short Blades
 - Level 6.0 Armour
 - Level 10.3 Dodging
 + Level 3.8 Charms
 - Level 2.6 Summonings
 * Level 13.4 Invocations


You had one spell level left.
You knew the following spells:

 Your Spells              Type           Power        Failure   Level  Hunger
s - Summon Scorpions      Summ/Pois      #.........   98%         4    #####..
D - Repel Missiles        Chrm/Air       #.........   21%         2    ###....
F - Flight                Chrm/Air       #.........   38%         3    ####...
S - Swiftness             Chrm/Air       #.......     21%         2    ###....


Dungeon Overview and Level Annotations

Branches:
Dungeon (13/16)            Temple (0/1) D:6            Lair (8/8) D:9
 Shoals (0/5) Lair:6        Snake (0/5) Lair:6        Slime (0/6) Lair:6
    Orc: D:9-12

Altars:
Cheibriados
Kikubaaqudgha
Sif Muna
Vehumet
Zin

Shops:
D:4 *

Portals:
Trove: D:12 (show abyssal rune of Zot)

Annotations:
D:8 Gastronok
D:11 Urug


Innate Abilities, Weirdness & Mutations

You can bottle blood from corpses.
You have razor-sharp teeth.*
You have supernaturally acute eyesight.
You can survive without breathing.*
You have large cloven feet.*
You are partially covered in yellow scales (AC +2).*
You tend to lose your temper in combat.+ You occasionally shout uncontrollably.+


Message History

The fire dragon misses your flying skull.
The fire dragon tramples your flying skull.
Your flying skull stumbles backwards!
Your flying skull is destroyed!
You puncture the giant slug! You burn the giant slug.
You kill the giant slug!
Yredelemnul accepts your kill.
Your hound zombie bites the fire dragon but does no damage.
What do you say? t - Shout!
Orders for allies: a - Attack new target. r - Retreat! s - Stop attacking. w - Wait here. f - Follow me.
Anything else - Stay silent.
Gang up on whom?
Press: ? - help, Dir - move target cursor, f - fire dragon
Aim: a fire dragon (lightly wounded) Attack!
You die...
Yredelemnul claims you as an undead slave.

#### ##.P.#
###.......
#@%..#
##...##
#zz##.# ##
#Dzz### .##
#'##z.##
..### $$#
##.z# ....#
#$.$ #z.##
....#### #$$$
##z.##
P...##.###$$$


#zZz# You could see a fire dragon, 3 friendly jackal zombies and 4 friendly
hound zombies.

Vanquished Creatures
  A hydra (Lair:5)
  5 death yaks (Lair:5)
  A soul eater (Volcano)
  A hill giant (D:9)
  Joseph (D:9)
  A sphinx skeleton (Volcano)
  A griffon (Lair:8)
  An elephant (Lair:7)
  A feature mimic (Lair:5)
  Psyche (D:8)
  2 fire drakes
  9 spiny frogs
  A mermaid (Lair:6)
  A guardian mummy (Volcano)
  A formicid drone (Lair:6)
  5 blink frogs
  A flying skull (Volcano)
  3 vampires (Volcano)
  3 sharks (Lair:2)
  A yak (Lair:7)
  10 wolves
  2 hippogriffs
  A hill giant skeleton (Volcano)
  A spriggan skeleton (Volcano)
  A hell hound (Lair:8)
  An orc warrior (D:5)
  7 porcupines
  3 nagas (Lair:6)
  2 ice beasts (D:6)
  3 phantoms
  A centaur (D:6)
  3 wargs (Lair:8)
  2 ogres
  7 crocodiles
  A formicid (Lair:6)
  2 giant slugs
  10 giant frogs
  2 agate snails (Lair:4)
  3 water moccasins
  A draconian skeleton (Volcano)
  8 killer bees
  A manticore skeleton (Volcano)
  A jellyfish (Lair:2)
  A hippogriff skeleton (D:9)
  An electric eel (Lair:2)
  2 troll skeletons (Volcano)
  5 goliath beetles
  5 crimson imps
  3 jellies
  2 giant frog zombies
  An orc priest (D:7)
  2 centaur skeletons
  11 hounds
  3 scorpions
  5 iguanas
  5 orc wizards
  A worker ant (D:9)
  7 sheep
  An ogre skeleton (D:9)
  A tengu skeleton (Volcano)
  2 mummies (Volcano)
  A naga skeleton (Volcano)
  12 adders
  2 giant centipedes
  30 green rats
  3 giant mites
  4 worms
  A giant eyeball (D:7)
  6 giant geckos
  5 oozes (Lair:6)
  26 orcs
  5 ball pythons
  19 bats
  5 giant cockroaches
  11 hobgoblins
  4 giant newts
  15 goblins
  A goblin skeleton (D:4)
  A hobgoblin skeleton (D:4)
  A hobgoblin zombie (D:8)
  23 jackals
  13 kobolds
  A kobold skeleton (D:6)
  8 quokkas
  18 rats
387 creatures vanquished.

Vanquished Creatures (collateral kills)
  Rupert (Lair:3)
  Maud (Lair:3)
  3 hydras
  A death yak (Lair:5)
  2 elephants (Lair:7)
  A spiny worm (Lair:8)
  A black mamba (Lair:6)
  A spiny frog (Lair:1)
  3 komodo dragons
  4 blink frogs (Lair:1)
  Prince Ribbit (D:5)
  A basilisk (Lair:2)
  A shark (Lair:2)
  A grizzly bear (Lair:8)
  2 hippogriffs
  10 yaks
  9 wolves
  A hell hound (Lair:8)
  4 porcupines
  A giant goldfish (Lair:2)
  3 crocodiles
  A boring beetle (Lair:8)
  A warg (Lair:8)
  2 ogres (D:10)
  The ghost of Chiseanne the Magician, an average DjWn (D:3)
  4 giant slugs
  3 water moccasins
  4 giant frogs
  4 agate snails
  A troll zombie (D:9)
  3 killer bees (D:10)
  2 jellies
  2 jellyfish (Lair:2)
  4 electric eels (Lair:2)
  3 hounds (Lair:8)
  An orc priest (D:10)
  2 big fish (Lair:2)
  An orc wizard (D:10)
  A scorpion (D:8)
  An iguana (Lair:5)
  3 sheep
  12 green rats
  An adder (Lair:8)
  A giant centipede (Lair:2)
  A worm (Lair:8)
  An ooze (Lair:6)
  4 orcs
  A giant cockroach (D:3)
  2 goblins
  2 hobgoblins
  2 quokkas
  4 bats
  9 jackals
  2 rats
  2 butterflies (D:6)
  A fungus (Lair:8)
  4 plants
145 creatures vanquished.

Vanquished Creatures (others)
  A hydra zombie (Lair:2)
  12 flying skulls
  2 wraiths
  A spiny frog zombie (Lair:3)
  3 blink frog zombies (Lair:5)
  A giant goldfish zombie (Lair:2)
  A yak zombie (Lair:5)
  A hippogriff zombie (Lair:5)
  3 wolf zombies
  A wight (D:9)
  A human skeleton (D:9)
  2 giant frog zombies
  A water moccasin zombie (Lair:2)
  A giant frog skeleton (Lair:7)
  A wolf skeleton (Lair:8)
  6 scorpions
  6 killer bee zombies
  2 crocodile zombies
  A human zombie (D:8)
  A crocodile skeleton (Lair:2)
  A naga zombie (Lair:6)
  A hound zombie (Lair:6)
  A mummy (D:7)
  An adder (Lair:6)
  A big fish zombie (Lair:2)
  A worm zombie (D:7)
  A goliath beetle zombie (D:8)
  An electric eel zombie (Lair:2)
  2 giant centipede zombies
  An iguana skeleton (Lair:5)
  2 adder skeletons
  2 sheep skeletons (Lair:6)
  A giant gecko (Lair:6)
  A bat skeleton (Lair:6)
  3 bat zombies
  A jackal (Lair:6)
  A quokka (D:4)
  A giant cockroach zombie (D:7)
  A giant newt skeleton (D:3)
  A giant spore (D:10)
  A goblin zombie (D:4)
  7 green rat zombies
  A hobgoblin skeleton (D:7)
  2 hobgoblin zombies
  A jackal skeleton (D:9)
  7 jackal zombies
  A kobold zombie (D:7)
  5 orc skeletons
  3 orc zombies
  2 quokka zombies
  A rat zombie (D:4)
  A plant (Lair:8)
105 creatures vanquished.

Grand Total: 637 creatures vanquished

Notes
Turn   | Place    | Note
--------------------------------------------------------------
     0 | D:1      | PolkaDot, the Vampire Death Knight, began the quest for the Orb.
     0 | D:1      | Reached XP level 1. HP: 16/16 MP: 1/1
   369 | D:1      | Reached XP level 2. HP: 22/22 MP: 2/2
   697 | D:1      | Reached skill level 3 in Short Blades
  1362 | D:2      | Found a snail-covered altar of Cheibriados.
  1362 | D:2      | Found an ancient bone altar of Kikubaaqudgha.
  1450 | D:2      | Acquired Yredelemnul's second power
  1571 | D:2      | Reached XP level 3. HP: 27/27 MP: 4/4
  2177 | D:3      | Noticed Chiseanne's ghost (average DjWn)
  2194 | D:3      | Killed Chiseanne's ghost
  2194 | D:3      | Reached skill level 4 in Short Blades
  2194 | D:3      | Reached XP level 4. HP: 8/33 MP: 3/5
  2411 | D:3      | Reached XP level 5. HP: 36/38 MP: 6/6
  2737 | D:4      | Found Guhan's Assorted Antiques.
  2744 | D:4      | Bought a smoky yellow potion for 26 gold pieces
  2744 | D:4      | Bought a pink potion for 26 gold pieces
  2744 | D:4      | Bought a pink potion for 26 gold pieces
  2744 | D:4      | Bought a blue potion for 26 gold pieces
  2744 | D:4      | Bought a scroll labeled ZEZEUF MOMUN {tried} for 29 gold pieces
  2809 | D:4      | Learned a level 2 spell: Swiftness
  2974 | D:4      | Reached skill level 5 in Short Blades
  3012 | D:4      | Noticed a phantom
  3020 | D:4      | Acquired Yredelemnul's third power
  3092 | D:4      | Killed a phantom
  3092 | D:4      | Reached skill level 1 in Armour
  3201 | D:4      | Reached XP level 6. HP: 41/44 MP: 8/8
  3250 | D:4      | Found a deep blue altar of Sif Muna.
  3283 | D:5      | Entered Level 5 of the Dungeon
  3308 | D:5      | Noticed Prince Ribbit
  3416 | D:5      | Reached skill level 6 in Short Blades
  3467 | D:5      | Found a radiant altar of Vehumet.
  3675 | D:5      | Killed Prince Ribbit
  3675 | D:5      | Reached skill level 7 in Short Blades
  3675 | D:5      | Reached XP level 7. HP: 32/49 MP: 9/9
  3939 | D:6      | Reached skill level 8 in Short Blades
  4295 | D:6      | Reached XP level 8. HP: 39/55 MP: 10/10
  4422 | D:6      | Found a staircase to the Ecumenical Temple.
  4766 | D:7      | HP: 1/55 [goliath beetle (26)]
  4855 | D:7      | Received a gift from Yredelemnul
  4856 | D:7      | Reached skill level 9 in Short Blades
  5020 | D:7      | Found a glowing silver altar of Zin.
  5366 | D:8      | Noticed a troll
  5649 | D:8      | Noticed Psyche
  5983 | D:8      | Killed Psyche
  5983 | D:8      | Reached skill level 5 in Armour
  6020 | D:8      | Your ally Psyche died
  6241 | D:8      | Reached XP level 9. HP: 52/61 MP: 12/12
  6287 | D:8      | Noticed Gastronok
  6297 | D:8      | Learned a level 4 spell: Summon Scorpions
  6871 | D:9      | Acquired Yredelemnul's fourth power
  6876 | D:9      | Received a gift from Yredelemnul
  6933 | D:9      | Noticed a hill giant
  7114 | D:9      | Reached skill level 10 in Short Blades
  7276 | D:9      | Noticed Joseph
  7293 | D:9      | Killed Joseph
  7598 | D:9      | Your ally Joseph died
  7606 | D:9      | Killed a hill giant
  7606 | D:9      | Reached skill level 5 in Fighting
  8089 | D:9      | Found a staircase to the Lair.
  8238 | D:9      | Reached skill level 1 in Summonings
  8238 | D:9      | Received a gift from Yredelemnul
  8437 | D:10     | Entered Level 10 of the Dungeon
  8450 | D:10     | Reached XP level 10. HP: 55/76 MP: 17/17
  8780 | D:10     | You fall through a shaft for 3 floors!
  8852 | D:12     | Found a portal to a secret trove of treasure.
  8886 | D:11     | Noticed a cyclops
  8908 | D:11     | Noticed Urug
  8962 | Lair:1   | Entered Level 1 of the Lair of Beasts
  9039 | Lair:1   | Received a gift from Yredelemnul
  9114 | Lair:1   | Reached skill level 5 in Invocations
  9240 | Lair:1   | Gained mutation: You tend to lose your temper in combat. [potion of mutation]
  9240 | Lair:1   | Gained mutation: You are dopey. (Int -2) [potion of mutation]
  9240 | Lair:1   | Gained mutation: You have large cloven feet. [potion of mutation]
  9494 | Lair:2   | Reached skill level 5 in Dodging
  9521 | Lair:2   | Noticed an eight-headed hydra
  9526 | Lair:2   | Killed an eight-headed hydra
  9679 | Lair:2   | Got a polished blowgun
  9680 | Lair:2   | Identified the +7 blowgun "Azah" {speed, rPois MR+} (You found it on level 2 of the Lair of Beasts)
  9680 | Lair:2   | Identified the +7 blowgun "Azah" {speed, rPois MR+} (You found it on level 2 of the Lair of Beasts)
 10026 | Lair:2   | Acquired Yredelemnul's fifth power
 10048 | Lair:2   | Gained mutation: You occasionally shout uncontrollably. [potion of mutation]
 10048 | Lair:2   | Gained mutation: You are partially covered in yellow scales (AC +2). [potion of mutation]
 10048 | Lair:2   | Lost mutation: You are dopey. (Int -2) [potion of mutation]
 10059 | Lair:2   | Received a gift from Yredelemnul
 10398 | Lair:3   | Reached XP level 11. HP: 76/81 MP: 19/22
 10419 | Lair:3   | Noticed Maud
 10445 | Lair:3   | Killed Maud
 10507 | Lair:3   | Noticed Rupert
 10518 | Lair:3   | Paralysed by Rupert for 2 turns
 10534 | Lair:3   | Killed Rupert
 11584 | Lair:4   | Received a gift from Yredelemnul
 11735 | Lair:5   | Reached skill level 10 in Invocations
 11926 | Lair:5   | Received a gift from Yredelemnul
 12004 | Lair:5   | Found a deep blue altar of Sif Muna.
 12078 | Lair:5   | Found a staircase to the Shoals.
 12115 | Lair:5   | Noticed a six-headed hydra
 12117 | Lair:5   | Noticed a death yak
 12117 | Lair:5   | Noticed a death yak
 12117 | Lair:5   | Noticed a death yak
 12117 | Lair:5   | Noticed a death yak
 12118 | Lair:5   | Noticed a death yak
 12120 | Lair:5   | Noticed a death yak
 12123 | Lair:5   | Killed a two-headed hydra
 12142 | Lair:5   | Killed a death yak
 12142 | Lair:5   | Received a gift from Yredelemnul
 12145 | Lair:5   | Killed a death yak
 12145 | Lair:5   | Reached skill level 11 in Invocations
 12151 | Lair:5   | Killed a death yak
 12151 | Lair:5   | Reached XP level 12. HP: 45/87 MP: 4/26
 12153 | Lair:5   | Killed a death yak
 12156 | Lair:5   | Killed a death yak
 12160 | Lair:5   | Killed a death yak
 12502 | Lair:5   | Received a gift from Yredelemnul
 12748 | Lair:5   | the staircase to the Shoals was a mimic.
 12915 | Lair:5   | Identified a scroll of acquirement
 13054 | Lair:6   | Found a staircase to the Snake Pit.
 13230 | Lair:6   | Learned a level 3 spell: Flight
 13233 | Lair:6   | Learned a level 2 spell: Repel Missiles
 13240 | Lair:6   | Found a staircase to the Shoals.
 13265 | Lair:6   | Noticed a four-headed hydra
 13281 | Lair:6   | Killed a two-headed hydra
 13389 | Lair:6   | Reached skill level 12 in Invocations
 13456 | Lair:6   | Received a gift from Yredelemnul
 13519 | Lair:6   | Found a staircase to the Slime Pits.
 14349 | Lair:7   | Reached skill level 10 in Dodging
 14420 | Lair:7   | Received a gift from Yredelemnul
 14512 | Lair:7   | Found a dark tunnel.
 14553 | Volcano  | Entered a volcano
 15977 | Lair:8   | Entered Level 8 of the Lair of Beasts
 16008 | Lair:8   | Reached skill level 1 in Charms
 16169 | Lair:8   | Reached skill level 13 in Invocations
 16200 | Lair:8   | HP: 4/87 [poisoned by a spiny frog]
 16208 | Lair:8   | HP: 4/87 [poisoned by a spiny frog]
 16220 | Lair:8   | HP: 4/87 [poisoned by a spiny frog]
 16225 | Lair:8   | HP: 2/87 [poisoned by a spiny frog]
 16413 | Lair:8   | Noticed a six-headed hydra
 16421 | Lair:8   | Killed a one-headed hydra
 16563 | Lair:8   | Reached XP level 13. HP: 72/93 MP: 26/29
 16640 | Lair:8   | Received a gift from Yredelemnul
 17069 | Lair:8   | Noticed a fire dragon
 17079 | Lair:8   | HP: 3/93 [giant slug (8)]
 17081 | Lair:8   | HP: 1/93 [poisoned by a spiny worm]
 17083 | Lair:8   | Succumbed to a spiny worm's poison

Action                   |  1- 3 |  4- 6 |  7- 9 | 10-12 | 13-15 || total
-------------------------+-------+-------+-------+-------+-------++-------
Melee: Short sword       |   133 |    48 |       |       |       ||   181
       Sabre             |       |   146 |   541 |  1097 |   134 ||  1918
 Cast: Summon Scorpions  |       |       |     3 |     2 |       ||     5
Invok: Animate Remains   |    12 |     9 |     4 |       |       ||    25
       Recall Undead Sla |     1 |       |     3 |     2 |       ||     6
       Animate Dead      |       |     3 |    15 |    52 |     5 ||    75
       Injury Mirror     |       |     2 |     1 |       |       ||     3
       Drain Life        |       |       |     2 |     1 |       ||     3
       Enslave Soul      |       |       |       |     1 |       ||     1
Evoke: Wand              |       |     1 |     4 |     6 |       ||    11
  Use: Potion            |     3 |     6 |    12 |    22 |     2 ||    45
       Scroll            |     2 |     7 |    13 |    15 |       ||    37
 Stab: Distracted        |       |       |     1 |    13 |     1 ||    15
       Invisible         |       |       |     2 |       |       ||     2
       Sleeping          |       |       |     1 |     4 |       ||     5
